 Dungeon Crawl Stone Soup version 0.31-a0-819-gf6de2f5ab6 (webtiles) character file.

Game seed: 8541703166159264758

40 qw the Shooter (level 3, -1/22 HPs)
             Began as a Gargoyle Hunter on Sept 23, 2023.
             Slain by a hobgoblin
             ... wielding a +0 rapier
             ... led by Robin
              (3 damage)
             ... on level 2 of the Dungeon.
             The game lasted 00:00:23 (635 turns).

qw the Shooter (Gargoyle Hunter)                     Turns: 635, Time: 00:00:24

Health: -1/22      AC:  9    Str: 13 (14) XL:     3   Next: 50%
Magic:  3/3        EV: 10    Int:  7 (9)  God:
Gold:   91         SH:  0    Dex: 13 (15) Spells: 2/2 levels left

rFire   . . .        Y - +0 shortbow
rCold   . . .        (shield currently unavailable)
rNeg    + . .        k - +0 ring mail
rPois   inf          i - +0 helmet
rElec   +            (no cloak)
rCorr   .            (no gloves)
SInv    .            (no boots)
Will    .....        (no amulet)
Stlth   +            (no ring)
HPRegen 0.23/turn    (no ring)
MPRegen 0.08/turn

%: no passive effects
@: no status effects
A: sickness immunity, AC +3, negative energy resistance 1, electricity
resistance, torment resistance 1, petrification resistance
a: no special abilities


You were on level 2 of the Dungeon.
You visited 1 branch of the dungeon, and saw 2 of its levels.

You collected 91 gold pieces.


Innate Abilities, Weirdness & Mutations

You are immune to sickness and miasma.
Your stone body is resilient. (AC +3)
You are immune to poison.
You resist negative energy. (rN+)
You are resistant to electric shocks. (rElec)
You are resistant to unholy torment.
You are immune to petrification.


   Skills:
 - Level 2.4 Fighting
 - Level 5.0 Ranged Weapons
 + Level 0.6 Armour
 - Level 1.5 Dodging
 - Level 1.1 Stealth


You had 2 spell levels left.
You didn't know any spells.
Your spell library was empty.

Inventory:

Hand Weapons
 Y - a +0 shortbow (weapon)
Armour
 i - a +0 helmet (worn)
 k - a +0 ring mail (worn)
Scrolls
 g - a scroll of identify
Potions
 a - a potion of curing {unknown}
 d - a potion of mutation
 e - a potion of brilliance {unknown}
 h - a potion of resistance {unknown}

Dungeon Overview and Level Annotations

Branches:
Dungeon (2/15)

Altars:

Annotations:
D:1 1 runed translucent door


Message History

A hobgoblin comes into view.
The goblin hits you but does no damage. The goblin barely misses you.
You shoot an arrow. The hobgoblin shouts!
The arrow hits the goblin!
You kill the goblin!
You hear a shout!
The goblin hits you but does no damage.
Robin's bangles clink loudly.
The goblin barely misses you.
You shoot an arrow. The arrow hits Robin!
Robin is heavily wounded.
Robin throws the goblin at you! The goblin closely misses you.
You shoot an arrow. The arrow completely misses Robin.
Robin hits you with a +0 falchion. The goblin closely misses you.
You shoot an arrow.
The arrow hits Robin but does no damage.
Robin is heavily wounded.
You hear a shout!
Robin closely misses you. The hobgoblin hits you.
The goblin hits you but does no damage.
A hobgoblin comes into view. It is wielding a +0 rapier.
Robin roars a battlecry!
The hobgoblin goes into a battle-frenzy!
The hobgoblin hits you but does no damage.
The goblin hits you with a +0 club.
You shoot an arrow. The arrow completely misses Robin.
A goblin comes into view. It is wielding a +0 club.
The hobgoblin hits you. Robin hits you but does no damage.
The goblin hits you with a +0 club.
You shoot an arrow. The arrow hits Robin.
Robin is almost dead.
Robin says, "Feeling lonely?"
Robin roars a battlecry!
The goblin goes into a battle-frenzy!
The hobgoblin barely misses you. The goblin hits you but does no damage.
You shoot an arrow. The arrow hits Robin.
You kill Robin!
The hobgoblin hits you with a +0 rapier.
You die...

#...... #..##.#
#..##.# # #..##.#
.# #..##.# )#
#..##.#####.###.#
###..##.g.........
#.........:)g.##
#.........g@.!#
#.........g####
#......<...#
#..........#
#..........#
######............
.......#+#########
######.# #.#


You could see 2 hobgoblins and 2 goblins.

Vanquished Creatures
  Robin (D:2)
  A dart slug (D:1)
  3 endoplasms
  6 giant cockroaches (D:1)
  6 goblins
  2 hobgoblins (D:1)
  3 quokkas (D:1)
  2 ball pythons (D:1)
  2 bats (D:1)
  2 frilled lizards (D:1)
  3 kobolds (D:1)
  4 rats (D:1)
35 creatures vanquished.

Notes
Turn   | Place    | Note
-------+----------+-------------------------------------------
     0 | D:1      | qw the Gargoyle Hunter began the quest for the Orb.
     0 | D:1      | Reached XP level 1. HP: 12/12 MP: 1/1
     0 | D:1      | 0 ||| qw: Version: 0.3-a-83-gcd0e7d8
     0 | D:1      | 0 ||| qw: Game counter: 1434
     0 | D:1      | 0 ||| qw: Melee chars always use a shield: true
     0 | D:1      | 0 ||| qw: God list: Okawaru
     0 | D:1      | 0 ||| qw: Allow faded altars: false
     0 | D:1      | 0 ||| qw: Do Orc after clearing Dungeon:15 true
     0 | D:1      | 0 ||| qw: Do second Lair branch before Depths: true
     0 | D:1      | 0 ||| qw: Lair rune preference: random
     0 | D:1      | 0 ||| qw: Goals: Normal
     0 | D:1      | 0 ||| PLANNING D:1-11
     1 | D:1      | Found a runed translucent door.
    74 | D:1      | Reached XP level 2. HP: 17/17 MP: 2/2
   224 | D:1      | Reached XP level 3. HP: 21/21 MP: 3/3
   312 | D:1      | Reached skill level 5 in Ranged Weapons
   491 | D:1      | 491 ||| UPGRADING to +0 helmet.
   496 | D:1      | 496 ||| UPGRADING to +0 ring mail.
   506 | D:1      | 506 ||| DROPPING +0 leather armour.
   507 | D:1      | 507 ||| DROPPING ring of wizardry.
   508 | D:1      | 508 ||| READING scroll labelled ILAK JEYCLIL.
   509 | D:1      | 509 ||| READING 3 scrolls labelled GUFFUM WADI.
   510 | D:1      | 510 ||| READING scroll labelled SOTWOSE BAEPN.
   513 | D:1      | 513 ||| DRINKING 2 fizzy purple potions.
   514 | D:1      | 514 ||| READING 2 scrolls of identify.
   514 | D:1      | 514 ||| IDENTIFYING murky ruby potion
   515 | D:1      | 515 ||| DROPPING scroll of butterflies.
   516 | D:1      | 516 ||| DROPPING potion of degeneration.
   625 | D:2      | Noticed Robin
   633 | D:2      | HP: 5/22 [hobgoblin[Robin] (2)]
   633 | D:2      | HP: 1/22 [goblin/+0 club[Robin] (4)]
   635 | D:2      | Killed Robin
   635 | D:2      | Slain by a hobgoblin

Levels and vault maps discovered:
D:1:      dpeg_arrival_caged_fury, layout_rooms, kennysheep_nondescript,
          minmay_worlds_worst_comb
D:2:      cheibrodos_helix_gallery, layout_basic, basic_altar, uniq_robin,
          uniq_terence

Skill      XL: |  1  2  3 |
---------------+----------+-----
Ranged Weapons | 5 |  5.0
Fighting       | |  2.4
Armour         | |  0.6
Dodging        | |  1.5
Stealth        | |  1.1

Action                     || total
---------------------------++-------
   Fire: Shortbow          ||    99
    Use: Scroll            ||     4
         Potion            ||     1
 Armour: Leather armour    ||    13
         Ring mail         ||    18
  Dodge: Dodged            ||    34

Table legend:
 A = Non-vault XP
 B = Vault XP
 C = Vault XP percentage of total XP
 D = Non-vault monster count
 E = Vault monster count
 F = Vault count percentage of total count
                 A         B        C        D         E       F
            +---------+---------+-------+---------+---------+-------
      Total |      42 |      31 |  42.5 |      26 |       9 |  25.7
            +---------+---------+-------+---------+---------+-------
        D:1 |      40 |      10 |  20.0 |      25 |       5 |  16.7
        D:2 |       2 |      21 |  91.3 |       1 |       4 |  80.0
            +---------+---------+-------+---------+---------+-------
